 Dungeon Crawl Stone Soup version 0.29.1-1-gd02db6906a (webtiles) character file.

Game seed: 16350484070326422303

947 Kahsius the Trooper (level 7, -1/66 HPs)
             Began as a Yellow Draconian Transmuter on Sept 21, 2022.
             Succumbed to Ijyb's poison
             ... on level 5 of the Dungeon.
             The game lasted 00:13:35 (5382 turns).

Kahsius the Trooper (Yellow Draconian Transmuter)   Turns: 5382, Time: 00:13:36

Health: -1/66      AC:  7    Str: 14    XL:     7   Next: 89%
Magic:  10/10      EV: 12    Int: 13    God:
Gold:   334        SH:  0    Dex: 15    Spells: 7/10 levels left

rFire   + . .      SeeInvis .     - Unarmed
rCold   + . .      Faith    .   (no shield)
rNeg    + . .      Spirit   .   (body armour unavailable)
rPois   .          Reflect  .   (helmet restricted)
rElec   .          Harm     .   (no cloak)
rCorr   +          Rampage  .   (no gloves)
Will    +....                   u - +0 pair of boots
Stlth   +.........              q - amulet "Yloites" {RegenMP rF+ rN+ Dex+3}
HPRegen 0.21/turn               d - ring of willpower
MPRegen 0.52/turn               g - ring of protection from cold

@: lethally poisoned (-1 -> -30), flying
A: spit acid, AC +6, unfitting armour, cold-blooded, acid resistance
a: Breathe Acid


You were on level 5 of the Dungeon.
You visited 1 branch of the dungeon, and saw 5 of its levels.
You also visited: Ossuary.

You collected 334 gold pieces.

Inventory:

Armour
 u - a +0 pair of boots (worn)
Jewellery
 d - a ring of willpower (left hand)
 g - a ring of protection from cold (right hand)
 h - a ring of flight
 q - the amulet "Yloites" (around neck) {RegenMP rF+ rN+ Dex+3}
   (You found it on level 3 of the Dungeon)

   [amulet of magic regeneration]

   It increases your rate of magic regeneration.
   Dex:       It affects your dexterity (+3).
   rF:        It protects you from fire.
   rN:        It protects you from negative energy.
 y - a ring of protection from cold
Wands
 o - a wand of iceblast (5)
Scrolls
 b - 3 scrolls of identify
 e - a scroll of summoning {unknown}
 f - a scroll of blinking {unknown}
 i - 3 scrolls of teleportation
 j - 2 scrolls of silence
 k - a scroll of amnesia {unknown}
 p - 3 scrolls of immolation
 r - a scroll of magic mapping {unknown}
 t - a scroll of enchant armour {unknown}
 w - 4 scrolls of noise {unknown}
 A - a scroll of fear {unknown}
Potions
 a - 2 potions of lignification
 l - a potion of might
 m - 2 potions of brilliance
 n - 2 potions of resistance {unknown}
 s - a potion of attraction
 v - a potion of magic
 z - a potion of berserk rage {unknown}


   Skills:
 * Level 7.0 Fighting
 - Level 1.7 Dodging
 + Level 5.4 Unarmed Combat
 - Level 2.0 Spellcasting
 + Level 4.8 Transmutations


You had 7 spell levels left.
You knew the following spells:

 Your Spells              Type           Power      Damage    Failure   Level
a - Beastly Appendage     Tmut           26%        N/A       3%          1
b - Wereblood             Tmut           13%        N/A       5%          2

Your spell library contained the following spells:

 Spells                   Type           Power      Damage    Failure   Level
 Apportation              Tloc           2%         N/A       26%         1
 Shock                    Conj/Air       4%         1d3       26%         1
 Spider Form              Tmut/Pois      7%         N/A       28%         3
 Stone Arrow              Conj/Erth      2%         3d7       58%         3
 Swiftness                Air            1%         N/A       58%         3
 Ice Form                 Ice/Tmut       7%         N/A       67%         4
 Airstrike                Air            0%         2d(1-17)  94%         4
 Alistair's Intoxication  Tmut/Pois      4%         N/A       95%         5
 Lehudib's Crystal Spear  Conj/Erth      0%         10d2      100%        8
 Animate Armour           Summ/Erth      Unusable   N/A       N/A         4

Dungeon Overview and Level Annotations

Branches:
Dungeon (5/15)            Ossuary (visited)
 Temple: D:4-7

Altars:

Shops:
D:2 (

Annotations:
D:2 1 runed translucent door, Crazy Yiuf
D:4 Blork the orc, Menkaure
D:5 2 transporters, Ijyb


Innate Abilities, Weirdness & Mutations

You can spit globs of acid.
Your golden yellow scales are hard. (AC +6)
You cannot fit into any form of body armour.
You are cold-blooded and may be slowed by cold attacks.
You are resistant to acid. (rCorr)


Message History

You feel sick. Ijyb barely misses you.
You hit Ijyb but do no damage. You claw Ijyb, but do no damage.
Your headbutt misses Ijyb.
Ijyb is moderately wounded.
You feel sick.
Ijyb hits you with a +2 dagger of venom.
You are more poisoned.
You closely miss Ijyb. Your headbutt misses Ijyb.
You punch Ijyb, but do no damage.
Ijyb is moderately wounded.
You feel very sick. Ijyb hits you but does no damage.
You are lethally poisoned!
You closely miss Ijyb. You claw Ijyb. You headbutt Ijyb!
You tail-slap Ijyb, but do no damage.
Ijyb is severely wounded.
Your horns disappear.
Your talons disappear.
Your +0 pair of boots unmelds from your body.
* * * LOW HITPOINT WARNING * * *
You feel very sick.
Ijyb screams, "Die!"
Ijyb hits you but does no damage.
You are more poisoned.
You hit Ijyb. You tail-slap Ijyb, but do no damage.
Ijyb is almost dead.
* * * LOW HITPOINT WARNING * * *
You feel very sick.
Ijyb hits you with a +2 dagger of venom.
* * * LOW HITPOINT WARNING * * *
You hit Ijyb but do no damage.
Ijyb is almost dead.
* * * LOW HITPOINT WARNING * * *
You feel very sick.
Ijyb hits you with a +2 dagger of venom.
* * * LOW HITPOINT WARNING * * *
You are more poisoned.
It was a potion of flight.
You feel very buoyant.
You fly up into the air.
You die...

...... ...
##.##............ .....
#.......#.##.... .....
####......#†.....>
.........##.....##......
......#......##.........
#.....##......###.......
..............# ###.....
....>...#.....###.......
#....g@..##..#.........
#........##..#.<......#
...##.....##...........#
. #...................
........##............
...#......#............
.###.....##............
.......##...........#
..#.......$..........#


You could see Ijyb.

Vanquished Creatures
  Edmund (D:5)
  2 necrophages (D:5)
  3 scorpions
  A howler monkey (D:4)
  A gnoll bouda (D:4)
  An iguana (D:4)
  An orc wizard (D:5)
  Natasha (thrice) (D:2)
  9 mummies
  7 gnolls
  6 adders
  2 dart slugs
  3 worms
  5 orcs
  5 bats
  9 endoplasms
  3 giant cockroaches
  A gnoll zombie (Ossuary)
  9 hobgoblins
  8 jackals
  7 kobolds
  4 quokkas
  4 ball pythons
  3 frilled lizards
  3 hobgoblin zombies
  A kobold zombie (Ossuary)
  5 orc zombies
  5 rats
112 creatures vanquished.

Notes
Turn   | Place    | Note
-------+----------+-------------------------------------------
     0 | D:1      | Kahsius the Draconian Transmuter began the quest for the
                  | Orb.
     0 | D:1      | Reached XP level 1. HP: 16/16 MP: 3/3
   168 | D:1      | Reached XP level 2. HP: 18/24 MP: 3/5
   304 | D:1      | Reached skill level 2 in Fighting
   531 | D:1      | Found a faded altar of an unknown god.
   701 | D:1      | Reached XP level 3. HP: 30/30 MP: 4/6
  1104 | D:2      | Found Sigoich's Weapon Emporium.
  1150 | D:2      | Learned a level 2 spell: Wereblood
  1311 | D:2      | Reached skill level 3 in Fighting
  1367 | D:2      | Reached XP level 4. HP: 22/38 MP: 7/7
  1548 | D:2      | Noticed Natasha
  1559 | D:2      | Killed Natasha
  1720 | D:2      | Noticed Natasha
  1730 | D:2      | Killed Natasha
  1875 | D:2      | Noticed Natasha
  1886 | D:2      | Killed Natasha
  1887 | D:2      | Reached XP level 5. HP: 37/46 MP: 6/8
  2010 | D:2      | Found a runed translucent door.
  2011 | D:2      | Noticed Crazy Yiuf
  2167 | D:3      | Reached skill level 4 in Fighting
  2337 | D:3      | Identified the amulet "Yloites" {RegenMP rF+ rN+ Dex+3}
  2717 | D:3      | Reached XP level 6. HP: 47/55 MP: 9/9
  3339 | D:4      | Reached skill level 5 in Fighting
  3370 | D:4      | Noticed Blork the orc
  3470 | D:4      | Found a sand-covered staircase.
  3477 | D:4      | Noticed Menkaure
  3530 | Ossuary  | Entered an ossuary
  3899 | Ossuary  | Your scales start taking on a golden yellow colour.
  3899 | Ossuary  | Reached XP level 7. HP: 55/62 MP: 10/10
  3899 | Ossuary  | Gained mutation: You are resistant to acid. (rCorr) [Yellow
                  | Draconian growth]
  4263 | D:4      | Reached skill level 6 in Fighting
  4678 | D:5      | Entered Level 5 of the Dungeon
  4678 | D:5      | Noticed Edmund
  5030 | D:5      | Killed Edmund
  5031 | D:5      | Reached skill level 5 in Unarmed Combat
  5246 | D:5      | Found a transporter.
  5302 | D:5      | Found a transporter.
  5363 | D:5      | Noticed Ijyb
  5374 | D:5      | Reached skill level 7 in Fighting
  5382 | D:5      | Succumbed to Ijyb's poison

Illustrated notes

Levels and vault maps discovered:
D:1:      dpeg_arrival_round_b, layout_rooms,
          hellmonk_ecumenical_altar_inner_sanctum
D:2:      layout_loops_ring, serial_shops, nicolae_shop_bloodbath_and_beyond,
          minmay_box_of_dots, uniq_crazy_yiuf_cottage, uniq_natasha
D:3:      layout_basic, minmay_cut_off
D:4:      layout_gridville, nicolae_ossuary_entry_giza, uniq_blork_the_orc,
          uniq_menkaure
D:5:      gammafunk_cloud_chamber, layout_cave_pools,
          nicolae_wu_jian_wuxing_cycle, nicolae_overflow_crystal_walls,
          lemuel_doored_altar, mainiacjoe_overflow_chevrons, uniq_ijyb,
          uniq_edmund

Skill      XL: |  1  2  3  4  5  6  7 |
---------------+----------------------+-----
Fighting       | 2 3 4 5 7 |  7.0
Transmutations | 3 4 |  4.8
Unarmed Combat | 4 5 |  5.4
Dodging        | |  1.7
Spellcasting   | |  2.0

Action                   |  1- 3 |  4- 6 |  7- 9 || total
-------------------------+-------+-------+-------++-------
Melee: Unarmed           |    93 |   152 |   104 ||   349
       Kick              |    26 |    40 |    32 ||    98
       Punch             |     2 |     3 |     2 ||     7
       Headbutt          |    13 |    20 |    20 ||    53
       Tailslap          |     6 |    22 |    19 ||    47
 Cast: Beastly Appendage |    26 |    27 |    14 ||    67
       Wereblood         |       |     3 |     3 ||     6
 Abil: Breathe Acid      |       |       |     1 ||     1
  Use: Scroll            |       |     8 |     1 ||     9
       Potion            |       |     1 |     4 ||     5
 Stab: Sleeping          |     1 |       |       ||     1
Armor: Skin              |    20 |    44 |    30 ||    94
Dodge: Dodged            |    47 |    99 |    47 ||   193
